 Dungeon Crawl Stone Soup version 0.18.1-47-g9310371 (webtiles) character file.

99451 sveltemanboy the Bludgeoner (level 16, -4/174 HPs)
             Began as an Ogre Hunter on June 21, 2016.
             Was the Champion of Okawaru.
             Slain by a wolf spider (13 damage)
             ... on level 2 of the Spider Nest on June 23, 2016.
             The game lasted 01:44:42 (26980 turns).

sveltemanboy the Bludgeoner (Ogre Hunter)          Turns: 26980, Time: 01:44:44

Health: -4/174     AC: 10    Str: 30    XL:     16   Next: 25%
Magic:  23/23      EV: 14    Int: 10    God:    Okawaru [******]
Gold:   1535       SH:  3    Dex: 10    Spells: 0 memorised, 15 levels left

rFire  . . .     SeeInvis +     E - +8 giant club of the Traitor {crush, Fragile rPois rC- SInv}
rCold  . . .     Gourm    .     t - +0 troll leather armour
rNeg   . . .     Faith    .     (shield currently unavailable)
rPois  +         Spirit   .     (helmet restricted)
rElec  .         Dismiss  .     o - +2 cloak {+Inv}
rCorr  .         Reflect  +     (gloves unavailable)
SustAt .         Harm     .     (boots unavailable)
MR     +....                    h - +3 amulet of reflection
Stlth  +.........               Q - ring of protection from cold
                                e - +4 ring of strength

@: somewhat resistant to hostile enchantments, very unstealthy
A: unfitting armour, icy blue scales 1, sense surroundings 1, tough skin 1
a: Heroism, Finesse, Renounce Religion, Evoke Invisibility


You were on level 2 of the Spider Nest.
You worshipped Okawaru.
Okawaru was exalted by your worship.
You were not hungry.

You visited 5 branches of the dungeon, and saw 24 of its levels.

You collected 2356 gold pieces.
You spent 821 gold pieces at shops.

Inventory:

Hand Weapons
 E - the +8 giant club of the Traitor (weapon) {crush, Fragile rPois rC- SInv}
   (Okawaru gifted it to you on level 7 of the Lair of Beasts)

   It inflicts extra damage upon your enemies.
   It makes you vulnerable to cold.
   It protects you from poison.
   It lets you see invisible.
   It will be destroyed if unequipped.
Missiles
 J - 8 large rocks
 N - 2 silver javelins
 O - 2 poisoned javelins (quivered)
 P - 35 tomahawks
Armour
 o - a +2 cloak of invisibility (worn)
 t - a +0 troll leather armour (worn)
Jewellery
 e - a +4 ring of strength (left hand)
 h - a +3 amulet of reflection (around neck)
 F - an uncursed ring of resist corrosion
 Q - a ring of protection from cold (right hand)
Wands
 c - a wand of disintegration (6/24)
 g - a wand of confusion (14/48)
 l - a wand of teleportation (6/9)
 p - a wand of paralysis (12/24)
 q - a wand of slowing (0/48)
 r - a wand of enslavement (3/24)
 y - a wand of confusion (15/48)
 R - a wand of iceblast (1/15)
 S - a wand of heal wounds (5/9)
 V - a wand of iceblast (5/15)
Scrolls
 j - 21 scrolls of identify
 m - 7 scrolls of remove curse
 v - 3 scrolls of recharging
 A - a scroll of enchant weapon
 C - 3 scrolls of amnesia
 D - 6 scrolls of teleportation
 H - 4 scrolls of magic mapping
 I - 2 scrolls of enchant armour
 M - a scroll of blinking
 T - a scroll of fear
Potions
 i - 3 potions of flight
 k - 3 potions of cancellation
 n - a potion of haste
 u - 2 potions of ambrosia
 x - 3 potions of curing
 z - 2 potions of cure mutation
 G - a potion of invisibility
 K - 5 potions of resistance
 L - a potion of might
Miscellaneous
 a - a lamp of fire
 w - a phial of floods
 B - a disc of storms
Comestibles
 d - 28 royal jellies
 f - 11 bread rations
 U - a beef jerky


   Skills:
 + Level 14.8 Fighting
 - Level 18.0 Maces & Flails
 - Level 10.0 Throwing
 + Level 6.7 Armour
 + Level 11.6 Dodging
 - Level 0.7 Stealth
 - Level 7.2 Invocations
 * Level 10.0 Evocations


You had 15 spell levels left.
You didn't know any spells.

Dungeon Overview and Level Annotations

Branches:
Dungeon (11/15)            Temple (1/1) D:4            Lair (8/8) D:10
 Shoals (0/4) Lair:6       Spider (2/4) Lair:6        Slime (0/6) Lair:6
    Orc (2/2) D:11            Elf (0/3) Orc:2

Altars:
Ashenzari
Cheibriados
Dithmenos
Elyvilon
Fedhas
Gozag
Kikubaaqudgha
Makhleb
Nemelex Xobeh
Okawaru
Pakellas
Qazlal
Ru
Sif Muna
Trog
Vehumet
Xom
Yredelemnul
Zin
The Shining One
Beogh
Jiyva

Shops:
D:5 *(*}!   D:8 *?   Orc:2 *=(}:*


Innate Abilities, Weirdness & Mutations

You are too large for most types of armour.
You have tough skin (AC +1).
You are partially covered in icy blue scales (AC +1).
You passively map a small area around you.


Message History

The wolf spider hits you.
* * * LOW HITPOINT WARNING * * *
The wolf spider bites you.
* * * LOW HITPOINT WARNING * * *
The tarantella bites you.
* * * LOW HITPOINT WARNING * * *
You are more confused.
The redback bites you!
* * * LOW HITPOINT WARNING * * *
The wolf spider closely misses you.
The wolf spider bites you but does no damage.
Drink which item? (? for menu, Esc to quit)
You feel better. The wolf spider barely misses you. x2
The tarantella bites you!
* * * LOW HITPOINT WARNING * * *
The redback bites you!
* * * LOW HITPOINT WARNING * * *
The redback bites you but does no damage.
The wolf spider hits you!
You die...

...<...............#....
........................,
..............#.#........
,
....#.......#....^....#..
≈
......#...^..............
^...........†...........
≈*
....†.†..............##..
............†...ss.......
.#^......#.†....@s.......
....#...........ss.......
.........................
*
....##.........##.#.###.#
......................, ≈
........................
...................#
,#................# ,
.... ....(#


You could see 2 wolf spiders, a tarantella and 2 redbacks.

Vanquished Creatures
  Saint Roka (Orc:2)
  A spark wasp (Spider:2)
  Snorg (Lair:8)
  The ghost of Malvoorn the Destroyer, a journeyman DECj of Vehumet (Lair:7)
  A fire dragon (Lair:8)
  11 hydras
  Erica (Lair:2)
  18 death yaks
  4 orc high priests (Orc:2)
  A fire crab (Lair:8)
  An unseen horror (D:10)
  6 orc knights (Orc:2)
  2 hill giants
  Pikel (D:4)
  2 oklob plants (Lair:5)
  4 orc sorcerers (Orc:2)
  A griffon (Lair:8)
  4 orb spiders
  5 wolf spiders
  2 manticores
  Joseph (D:9)
  9 elephants (Lair:5)
  7 black mambas
  2 torpor snails
  16 spiny frogs
  9 rime drakes
  11 komodo dragons
  3 demonic crawlers (Spider:2)
  A queen bee (Lair:6)
  4 trolls
  9 polar bears
  7 jumping spiders
  A boulder beetle (Lair:8)
  Grinder (D:6)
  5 raiju (Lair:8)
  3 blink frogs (Lair:8)
  A snapping turtle (Lair:6)
  11 redbacks
  3 tarantellas (Spider:2)
  59 yaks
  4 basilisks
  A wraith (D:11)
  10 hippogriffs
  2 steam dragons
  4 mottled dragons (Lair:8)
  11 wargs
  5 hell hounds
  14 water moccasins
  14 porcupines
  A sky beast (D:8)
  2 swamp drakes (Lair:8)
  4 ice beasts
  17 black bears
  2 necrophages
  27 orc warriors
  3 phantoms
  10 ogres
  A slave (D:4)
  3 wasps
  21 wolves
  14 centaurs
  13 crocodiles
  23 giant frogs
  A big kobold (D:11)
  4 gnoll sergeants (D:11)
  7 scorpions
  26 killer bees
  An electric eel (Lair:6)
  A howler monkey (D:4)
  9 crimson imps
  A centaur skeleton (D:8)
  2 quasits
  A giant frog skeleton (D:4)
  16 hounds
  3 jellies
  13 orc priests
  Crazy Yiuf (D:5)
  Jessica (D:3)
  11 iguanas
  8 worker ants
  19 orc wizards
  A killer bee zombie (D:8)
  36 sheep
  A worker ant zombie (D:11)
  13 gnolls
  A howler monkey skeleton (D:6)
  12 adders
  47 river rats
  2 shadow imps (D:9)
  An adder zombie (D:6)
  2 adder skeletons (D:5)
  5 worms
  2 dart slugs
  3 giant geckos
  85 orcs
  6 bats
  8 giant cockroaches
  11 goblins
  12 hobgoblins
  11 jackals
  5 quokkas
  A giant gecko zombie (D:5)
  4 giant newts
  2 jackal skeletons (D:6)
  A jackal zombie (D:5)
  8 kobolds
  8 rats
  A fungus (Lair:8)
  3 plants
  A toadstool (D:1)
855 creatures vanquished.

Vanquished Creatures (collateral kills)
  An oklob plant (Lair:5)
  A rime drake (Lair:6)
  A yak (Lair:5)
  A hippogriff (Lair:6)
  An orc warrior (Orc:2)
  An orc wizard (Orc:2)
6 creatures vanquished.

Vanquished Creatures (others)
  A yak (Lair:6)
  A hippogriff (D:3)
  A hound (Lair:8)
  A worm (D:5)
  14 fungi
  18 plants
  3 toadstools (D:1)
39 creatures vanquished.

Grand Total: 900 creatures vanquished

Notes
Turn   | Place    | Note
--------------------------------------------------------------
     0 | D:1      | sveltemanboy the Ogre Hunter began the quest for the Orb.
     0 | D:1      | Reached XP level 1. HP: 22/22 MP: 1/1
   375 | D:1      | Reached XP level 2. HP: 31/31 MP: 2/2
   492 | D:1      | Reached skill level 1 in Armour
  1039 | D:1      | Reached skill level 1 in Maces & Flails
  1080 | D:1      | Reached XP level 3. HP: 37/37 MP: 3/3
  1247 | D:2      | Found a faded altar to an unknown god.
  1619 | D:2      | Found a shadowy altar of Dithmenos.
  1626 | D:2      | Reached skill level 2 in Maces & Flails
  1925 | D:2      | Reached skill level 3 in Maces & Flails
  1925 | D:2      | Reached XP level 4. HP: 42/45 MP: 4/4
  2247 | D:2      | Found a sacrificial altar of Ru.
  2531 | D:3      | Reached skill level 4 in Maces & Flails
  2568 | D:3      | Reached XP level 5. HP: 37/53 MP: 5/5
  3128 | D:3      | Found a shattered altar of Ashenzari.
  3210 | D:3      | Noticed a centaur
  3224 | D:3      | Killed a centaur
  3224 | D:3      | Reached skill level 5 in Maces & Flails
  3425 | D:3      | Reached skill level 6 in Maces & Flails
  3425 | D:3      | Reached XP level 6. HP: 53/61 MP: 6/6
  3495 | D:3      | Found a shimmering altar of Xom.
  3566 | D:3      | Reached skill level 7 in Maces & Flails
  3645 | D:3      | Noticed Jessica
  3648 | D:3      | Killed Jessica
  3883 | D:3      | Found a deep blue altar of Sif Muna.
  3945 | D:3      | Found an oddly glowing altar of Pakellas.
  3945 | D:3      | Noticed an orange crystal statue
  3946 | D:3      | Noticed a hippogriff
  3985 | D:3      | Killed a hippogriff
  4061 | D:4      | Noticed Pikel
  4061 | D:4      | Noticed a slave
  4061 | D:4      | Noticed a slave
  4061 | D:4      | Noticed a slave
  4118 | D:4      | Reached skill level 8 in Maces & Flails
  4240 | D:4      | Found a staircase to the Ecumenical Temple.
  4245 | Temple   | Entered the Ecumenical Temple
  4371 | D:4      | Killed a slave
  4377 | D:4      | Noticed a slave
  4381 | D:4      | Killed Pikel
  4381 | D:4      | Reached skill level 10 in Maces & Flails
  4381 | D:4      | Reached XP level 7. HP: 12/67 MP: 7/7
  4381 | D:4      | Reached XP level 8. HP: 14/75 MP: 8/8
  4662 | D:4      | Found a stormy altar of Qazlal.
  5045 | D:4      | Found an opulent altar of Gozag.
  5402 | D:4      | Reached skill level 11 in Maces & Flails
  5510 | D:5      | Entered Level 5 of the Dungeon
  5530 | D:5      | Noticed a moth of wrath
  5533 | D:5      | Found a bloodstained altar of Trog.
  5798 | D:5      | Reached skill level 5 in Throwing
  5803 | D:5      | Found Rynawk's Antique Weapon Boutique.
  5824 | D:5      | Got a faintly glowing robe
  5851 | D:5      | Identified the +3 robe of Virtue {+Fly rElec rN+++ Str-5} (You found it on level 5 of the Dungeon)
  5856 | D:5      | Found Qathean's Gadget Shoppe.
  5913 | D:5      | Found Bethudde's Assorted Antiques.
  5921 | D:5      | Bought an embroidered cloak for 94 gold pieces
  5921 | D:5      | Bought a potion of curing for 63 gold pieces
  5938 | D:5      | Found Dedistrienk's Assorted Antiques.
  5982 | D:5      | Bought a metallic red potion for 22 gold pieces
  5982 | D:5      | Bought a pink potion for 22 gold pieces
  6015 | D:5      | Found a glowing golden altar of the Shining One.
  6066 | D:5      | Found Heotas's Distillery.
  6095 | D:5      | Found an iron altar of Okawaru.
  6111 | D:5      | Became a worshipper of Warmaster Okawaru
  6184 | D:5      | Noticed Crazy Yiuf
  6187 | D:5      | Killed Crazy Yiuf
  6268 | D:5      | Found a burning altar of Makhleb.
  6425 | D:5      | Reached skill level 5 in Fighting
  6468 | D:6      | Reached skill level 1 in Invocations
  6563 | D:6      | Reached skill level 12 in Maces & Flails
  6592 | D:6      | Found an ancient bone altar of Kikubaaqudgha.
  6669 | D:6      | Reached XP level 9. HP: 62/88 MP: 10/10
  7026 | D:6      | Gained mutation: Your mind is acute. (Int +2) [potion of mutation]
  7026 | D:6      | Gained mutation: Your system is resistant to poisons. [potion of mutation]
  7026 | D:6      | Gained mutation: Your magical capacity is low (-10% MP). [potion of mutation]
  7365 | D:6      | Reached * piety under Okawaru
  7498 | D:6      | Noticed Grinder
  7499 | D:6      | Paralysed by Grinder for 3 turns
  7510 | D:6      | Paralysed by Grinder for 4 turns
  7526 | D:6      | Killed Grinder
  7595 | D:7      | Reached skill level 13 in Maces & Flails
  7807 | D:7      | Noticed a troll
  7830 | D:7      | Killed a troll
  8255 | D:7      | Found a shadowy altar of Dithmenos.
  8264 | D:7      | Noticed a manticore
  8274 | D:7      | Killed a manticore
  8274 | D:7      | Reached ** piety under Okawaru
  8274 | D:7      | Reached XP level 10. HP: 60/96 MP: 10/12
  8429 | D:7      | Found a basalt altar of Yredelemnul.
  8557 | D:7      | Found a white marble altar of Elyvilon.
  8695 | D:8      | Reached skill level 14 in Maces & Flails
  8743 | D:8      | Reached skill level 5 in Invocations
  8774 | D:8      | Found Puffaorch's Magic Scroll Shoppe.
  8863 | D:8      | Noticed a hill giant
  8876 | D:8      | Killed a hill giant
  9020 | D:8      | Reached skill level 5 in Dodging
  9198 | D:8      | Reached *** piety under Okawaru
  9465 | D:8      | Found Bitear's Assorted Antiques.
  9470 | D:8      | Bought a scroll labeled ACULUKHL SEVYR for 30 gold pieces
  9470 | D:8      | Bought a scroll labeled NANARE WAIPLYICU for 30 gold pieces
  9813 | D:9      | Noticed Joseph
  9908 | D:9      | Reached skill level 15 in Maces & Flails
 10188 | D:9      | Killed Joseph
 10330 | D:9      | Received a gift from Okawaru
 10602 | D:10     | Entered Level 10 of the Dungeon
 10788 | D:10     | Reached XP level 11. HP: 109/109 MP: 13/13
 10867 | D:10     | Killed an unseen horror
 11077 | D:10     | Found a roughly hewn altar of Beogh.
 11325 | D:10     | Found a staircase to the Lair.
 11769 | D:11     | Noticed a manticore
 11780 | D:11     | Killed a manticore
 11780 | D:11     | Reached **** piety under Okawaru
 11856 | D:11     | Reached skill level 16 in Maces & Flails
 11864 | D:11     | Received a gift from Okawaru
 12195 | D:11     | Noticed a hill giant
 12200 | D:11     | Killed a hill giant
 12300 | D:11     | Found a staircase to the Orcish Mines.
 12686 | Lair:1   | Entered Level 1 of the Lair of Beasts
 12693 | Lair:1   | Reached ***** piety under Okawaru
 12984 | Lair:1   | Received a gift from Okawaru
 13013 | Lair:1   | Lost mutation: Your mind is acute. (Int +2) [potion of mutation]
 13013 | Lair:1   | Gained mutation: Your body sometimes deteriorates upon taking damage. [potion of mutation]
 13014 | Lair:1   | Lost mutation: Your body sometimes deteriorates upon taking damage. [potion of cure mutation]
 13014 | Lair:1   | Lost mutation: Your magical capacity is low (-10% MP). [potion of cure mutation]
 13014 | Lair:1   | Lost mutation: Your system is resistant to poisons. [potion of cure mutation]
 13512 | Lair:2   | Received a gift from Okawaru
 13664 | Lair:2   | Reached XP level 12. HP: 123/123 MP: 15/15
 13695 | Lair:2   | Reached skill level 17 in Maces & Flails
 13814 | Lair:2   | Noticed Erica
 13824 | Lair:2   | Killed Erica
 14437 | Lair:3   | Noticed a six-headed hydra
 14453 | Lair:3   | Killed a six-headed hydra
 14631 | Lair:3   | Received a gift from Okawaru
 14678 | Lair:3   | Reached skill level 10 in Fighting
 15383 | Lair:3   | Found a basalt altar of Yredelemnul.
 16093 | Lair:4   | Noticed an eight-headed hydra
 16095 | Lair:4   | Killed an eight-headed hydra
 16095 | Lair:4   | Received a gift from Okawaru
 16207 | Lair:4   | Noticed an eight-headed hydra
 16213 | Lair:4   | Killed an eight-headed hydra
 16213 | Lair:4   | Reached XP level 13. HP: 97/136 MP: 18/18
 16510 | Lair:4   | Received a gift from Okawaru
 16510 | Lair:4   | Reached skill level 1 in Evocations
 18338 | Lair:5   | Received a gift from Okawaru
 18570 | Lair:6   | Found a hole to the Spider Nest.
 18782 | Lair:6   | Reached ****** piety under Okawaru
 18782 | Lair:6   | Reached skill level 10 in Throwing
 19261 | Lair:6   | Found a staircase to the Slime Pits.
 19261 | Lair:6   | Found a viscous altar of Jiyva.
 19404 | Lair:6   | Reached skill level 5 in Evocations
 19478 | Lair:6   | Reached XP level 14. HP: 95/149 MP: 19/19
 19744 | Lair:6   | Found a staircase to the Shoals.
 20133 | Lair:6   | Reached skill level 5 in Armour
 20578 | Lair:7   | Received a gift from Okawaru
 20602 | Lair:7   | Got a jewelled giant club {god gift}
 20706 | Lair:7   | Identified the +8 giant club of the Traitor {crush, Fragile rPois rC- SInv} (Okawaru gifted it to you on level 7 of the Lair of Beasts)
 20723 | Lair:7   | Noticed Malvoorn's ghost (journeyman DECj)
 20733 | Lair:7   | Killed Malvoorn's ghost
 21179 | Lair:7   | Reached skill level 10 in Dodging
 21699 | Lair:8   | Entered Level 8 of the Lair of Beasts
 21704 | Lair:8   | Received a gift from Okawaru
 22371 | Lair:7   | Reached XP level 15. HP: 91/161 MP: 20/20
 22558 | Lair:8   | Noticed Snorg
 22570 | Lair:8   | Killed Snorg
 22671 | Lair:8   | Reached skill level 18 in Maces & Flails
 22742 | Lair:8   | Gained mutation: You passively map a small area around you. [potion of mutation]
 22742 | Lair:8   | Gained mutation: You are partially covered in icy blue scales (AC +1). [potion of mutation]
 22998 | Lair:8   | Received a gift from Okawaru
 24187 | Orc:1    | Entered Level 1 of the Orcish Mines
 24653 | Orc:2    | Entered Level 2 of the Orcish Mines
 24674 | Orc:2    | Noticed Saint Roka
 24714 | Orc:2    | Killed Saint Roka
 25109 | Orc:2    | Found Silurhim's Assorted Antiques.
 25117 | Orc:2    | Bought an iron wand for 88 gold pieces
 25176 | Orc:2    | Found Xatipyntic's Book Shop.
 25203 | Orc:2    | Found a staircase to the Elven Halls.
 25229 | Orc:2    | Received a gift from Okawaru
 25528 | Orc:2    | Received a gift from Okawaru
 25679 | Orc:2    | Reached XP level 16. HP: 146/174 MP: 23/23
 25699 | Orc:2    | Found Huqecahu's Assorted Antiques.
 25699 | Orc:2    | Found Cihapesch's Gadget Shop.
 25701 | Orc:2    | Found Porui's Jewellery Emporium.
 25701 | Orc:2    | Found Guv Fatt's Antique Weapon Shop.
 25709 | Orc:2    | Bought a cursed ring of loudness for 67 gold pieces
 25709 | Orc:2    | Bought a cursed -4 ring of slaying for 30 gold pieces
 25717 | Orc:2    | Bought a +3 amulet of reflection for 375 gold pieces
 26259 | Spider:1 | Entered Level 1 of the Spider Nest
 26346 | Spider:1 | Identified the Reference Book on Earthen Conjuration
 26893 | Spider:2 | Reached skill level 10 in Evocations
 26980 | Spider:2 | Slain by a wolf spider

Skill      XL: |  1  2  3  4  5  6  7  8  9 10 11 12 13 14 15 16 |
---------------+-------------------------------------------------+-----
Dodging        | 2 4 5 7 8 9 10 11 | 11.6
Fighting       | 3 5 7 9 10 12 13 14 | 14.8
Armour         | 1 2 4 5 6 |  6.7
Maces & Flails | 1 3 4 6 10 12 13 15 16 17 18 | 18.0
Throwing       | 5 8 10 | 10.0
Invocations    | 1 4 5 7 |  7.2
Evocations     | 5 7 9 10 | 10.0
Stealth        | |  0.7

Action                   |  1- 3 |  4- 6 |  7- 9 | 10-12 | 13-15 | 16-18 || total
-------------------------+-------+-------+-------+-------+-------+-------++-------
Melee: Short sword       |    65 |       |       |       |       |       ||    65
       Club              |    40 |    71 |       |       |       |       ||   111
       Mace              |       |   129 |       |       |       |       ||   129
       Whip              |       |       |   273 |       |       |       ||   273
       Flail             |       |       |    95 |   683 |       |       ||   778
       Punch             |       |       |     1 |     4 |     1 |       ||     6
       Demon whip        |       |       |       |   231 |   607 |       ||   838
       Giant club        |       |       |       |       |   621 |   104 ||   725
Throw: Stone             |    95 |    90 |   127 |   121 |       |       ||   433
       Large rock        |     1 |    15 |    11 |    17 |    30 |     2 ||    76
       Throwing net      |       |     3 |     3 |       |       |       ||     6
       Tomahawk          |       |       |       |    46 |    76 |    25 ||   147
       Javelin           |       |       |       |    50 |    36 |     2 ||    88
Invok: Heroism           |       |       |     1 |     5 |     6 |       ||    12
Evoke: Wand              |       |       |       |    28 |     5 |     1 ||    34
       Lamp of fire      |       |       |       |     1 |     1 |       ||     2
       Phial of floods   |       |       |       |       |     2 |       ||     2
  Use: Potion            |       |     3 |    11 |    11 |     7 |     2 ||    34
       Scroll            |       |       |    12 |     6 |     8 |       ||    26
 Stab: Held in net/web   |       |     2 |     1 |       |       |       ||     3
       Sleeping          |       |       |     1 |     2 |       |       ||     3
       Distracted        |       |       |       |       |     2 |       ||     2
  Eat: Chunk             |     3 |     8 |    13 |    25 |    33 |     4 ||    86
Armor: Robe              |    36 |    37 |    81 |       |       |       ||   154
       Troll leather arm |       |       |    12 |   279 |   221 |    31 ||   543
       Skin              |       |       |       |       |    13 |       ||    13
Dodge: Dodged            |    69 |    88 |   108 |   377 |   528 |    77 ||  1247
Block: Other             |       |       |       |       |       |    11 ||    11
